 Dungeon Crawl Stone Soup version 0.19.5 (webtiles) character file.

123 Haldmier the Ogre Mage (level 5, -1/45 HPs)
             Began as an Ogre Wizard on May 6, 2017.
             Killed from afar by Sigmund (6 damage)
             ... with a magic dart
             ... on level 3 of the Dungeon.
             The game lasted 00:12:40 (3150 turns).

Haldmier the Ogre Mage (Ogre Wizard)                Turns: 3150, Time: 00:12:40

Health: -1/45      AC:  3    Str: 12    XL:     5   Next: 7%
Magic:  9/11       EV: 10    Int: 17    God:
Gold:   123        SH:  5    Dex:  9    Spells: 3 memorised, 7 levels left

rFire  . . .     SeeInvis .     b - +4 hunting sling
rCold  . . .     Gourm    .     n - +0 robe
rNeg   . . .     Faith    .     (no shield)
rPois  .         Spirit   .     k - +0 hat
rElec  .         Reflect  +     (no cloak)
rCorr  .         Harm     .     (gloves unavailable)
MR     .....                    (boots unavailable)
Stlth  +.........               h - +5 amulet of reflection
                                (no ring)
                                (no ring)

@: no status effects
A: unfitting armour, tough skin 1
a: no special abilities


You were on level 3 of the Dungeon.
You were not hungry.

You visited 1 branch of the dungeon, and saw 3 of its levels.

You collected 123 gold pieces.

Inventory:

Hand Weapons
 a - a +1 whip
 b - a +4 hunting sling (weapon)
 q - a +0 dagger of venom
 r - a +0 mace
Missiles
 m - 87 stones (quivered)
 o - 38 sling bullets
Armour
 k - a +0 hat (worn)
 n - a +0 robe (worn)
Jewellery
 h - a +5 amulet of reflection (around neck)
Wands
 t - a wand of flame (30/48)
Scrolls
 e - a scroll of enchant weapon
 g - a scroll of fog {unknown}
 j - 6 scrolls of remove curse
 p - a scroll of magic mapping {unknown}
 s - a scroll of recharging {unknown}
Potions
 f - a potion of brilliance {unknown}
 i - a potion of haste {unknown}
Books
 c - a book of Minor Magic

   Spells                             Type                      Level
   a - Magic Dart                     Conjuration                  1
   b - Blink                          Translocation                2
   c - Call Imp                       Summoning                    2
   d - Repel Missiles                 Charms/Air                   2
   e - Slow                           Hexes                        2
   f - Conjure Flame                  Conjuration/Fire             3
   g - Mephitic Cloud                 Conjuration/Poison/Air       3
Comestibles
 d - a bread ration
 l - a meat ration


   Skills:
 * Level 3.1 Maces & Flails
 + Level 2.8 Dodging
 - Level 1.4 Stealth
 + Level 4.1 Spellcasting
 + Level 1.3 Conjurations
 + Level 1.2 Summonings
 - Level 0.6 Translocations


You had 7 spell levels left.
You knew the following spells:

 Your Spells              Type           Power        Failure   Level  Hunger
a - Magic Dart            Conj           #...         12%         1    None
b - Call Imp              Summ           #.......     17%         2    ##.....
c - Blink                 Tloc           N/A          21%         2    ##.....


Dungeon Overview and Level Annotations

Branches:
Dungeon (3/15)

Altars:
Cheibriados
Fedhas
Makhleb
Uskayaw
Vehumet

Annotations:
D:3 Sigmund


Innate Abilities, Weirdness & Mutations

You are too large for most types of armour.
You have tough skin. (AC +1)


Message History

Sigmund hits you from afar with a scythe.
You take 6 damage, and have 22/45 hp.
You now have 9/11 mp.
Firing (i - inventory. (,) - cycle):
m - 89 stones (quivered)
Press: ? - help, Shift-Dir - straight line, f/p - Sigmund
Aim: Sigmund, wielding a scythe and wearing an embroidered robe (severely wounded)
You shoot a stone. The stone hits Sigmund.
Sigmund is severely wounded.
Your crimson imp blinks!
Firing (i - inventory. (,) - cycle):
m - 88 stones (quivered)
Press: ? - help, Shift-Dir - straight line, f/p - Sigmund
Aim: Sigmund, wielding a scythe and wearing an embroidered robe (severely wounded)
You shoot a stone. The stone barely misses Sigmund.
Sigmund casts a spell at you. The puff of flame hits you!
Sigmund hits you from afar with a scythe!
* * * LOW HITPOINT WARNING * * *
You take 18 damage, and have 4/45 hp.
MASSIVE DAMAGE!!
Sigmund casts a spell at you. The magic dart hits you!
You die...

...###...................###
###)####.................
#%......#####...#####.#..
#.#.###.###...........#.#
#(#. #.........#.#####.# #
#. #..##.#...#.# #.# ##
#..##.....#.# #..
.##.##..##.##.##.# ...
.......@##.##.##(# ##.
....###....@.(..(# #
#....>5##......#
#(###..##.####.# #. #..##.#
.# . .(....w . ## #.#.##.#
## #.#..... #.####..


You could see Sigmund and a friendly crimson imp.

Vanquished Creatures
  Jessica (D:2)
  3 adders (D:3)
  An ooze (D:3)
  A leopard gecko (D:1)
  An orc (D:3)
  2 giant cockroaches (D:2)
  6 goblins
  7 hobgoblins
  8 jackals
  2 quokkas (D:2)
  A ball python (D:3)
  3 bats
  A frilled lizard (D:2)
  6 kobolds
  4 rats
47 creatures vanquished.

Vanquished Creatures (collateral kills)
  2 adders (D:2)
  A jackal (D:2)
3 creatures vanquished.

Grand Total: 50 creatures vanquished

Notes
Turn   | Place    | Note
-------+----------+-------------------------------------------
     0 | D:1      | Haldmier the Ogre Wizard began the quest for the Orb.
     0 | D:1      | Reached XP level 1. HP: 16/16 MP: 5/5
   330 | D:1      | Reached XP level 2. HP: 15/24 MP: 1/6
   483 | D:1      | Learned a level 2 spell: Call Imp
   486 | D:1      | Learned a level 2 spell: Blink
   734 | D:1      | Reached skill level 1 in Maces & Flails
  1384 | D:2      | Reached skill level 1 in Summonings
  1384 | D:2      | Reached XP level 3. HP: 29/31 MP: 4/8
  1437 | D:2      | Found a burning altar of Makhleb.
  1438 | D:2      | Found a radiant altar of Vehumet.
  1529 | D:2      | Found a blossoming altar of Fedhas.
  2290 | D:2      | Noticed Jessica
  2304 | D:2      | Killed Jessica
  2304 | D:2      | Reached skill level 4 in Spellcasting
  2304 | D:2      | Reached skill level 1 in Conjurations
  2304 | D:2      | Reached XP level 4. HP: 19/39 MP: 6/10
  2501 | D:2      | Found a hide-covered altar of Uskayaw.
  2502 | D:2      | Noticed an enchanted hand axe
  2502 | D:2      | Noticed an enchanted hand axe
  2876 | D:3      | Reached XP level 5. HP: 45/45 MP: 11/11
  2918 | D:3      | Found a snail-covered altar of Cheibriados.
  3067 | D:3      | Noticed Sigmund
  3150 | D:3      | Killed from afar by Sigmund

Skill      XL: |  1  2  3  4 |
---------------+-------------+-----
Dodging        | 2 |  2.8
Maces & Flails | 1 2 3 |  3.1
Summonings     | 1 |  1.2
Spellcasting   | 4 |  4.1
Conjurations   | 1 |  1.3
Stealth        | |  1.4
Translocations | |  0.6

Action                   |  1- 3 |  4- 6 || total
-------------------------+-------+-------++-------
Melee: Unarmed           |    12 |       ||    12
       Whip              |    61 |       ||    61
 Fire: Hunting sling     |     2 |    65 ||    67
 Cast: Magic Dart        |    63 |       ||    63
       Call Imp          |     4 |     4 ||     8
  Use: Scroll            |     4 |       ||     4
 Stab: Sleeping          |     2 |       ||     2
  Eat: Chunk             |     4 |     3 ||     7
Armor: Robe              |    17 |     7 ||    24
Dodge: Dodged            |    22 |     8 ||    30
Block: Other             |    11 |     2 ||    13
